 Dungeon Crawl Stone Soup version 0.28-a0-1033-g1a2f33fa85 (webtiles) character file.

Game seed: 2972950768729041264

437 Goblin1989 the Sneak (level 6, -6/47 HPs)
             Began as a Demonspawn Delver on Dec 7, 2021.
             Splashed by a jelly's acid (10 damage)
             ... on level 6 of the Dungeon.
             The game lasted 00:15:20 (4204 turns).

Goblin1989 the Sneak (Demonspawn Delver)            Turns: 4204, Time: 00:15:21

Health: -6/47      AC:  0    Str: 14    XL:     6   Next: 69%
Magic:  9/9        EV: 11    Int: 12    God:
Gold:   167        SH:  8    Dex: 14    Spells: 8/9 levels left

rFire   . . .      SeeInvis .   a - +0 rapier
rCold   . . .      Faith    .   Q - +0 buckler
rNeg    . . .      Spirit   .   b - +0 leather armour
rPois   .          Reflect  .   (no helmet)
rElec   .          Harm     .   Z - +0 cloak
rCorr   .          Rampage  .   (no gloves)
Will    .....                   (no boots)
Stlth   +++.......              (no amulet)
HPRegen 0.15/turn               (no ring)
MPRegen 0.11/turn               (no ring)

@: corroded, studying Dodging, invisible
A: large bone plates 1, demonic guardian 1, demonic magic 1, weakness stinger 1
a: no special abilities


You were on level 6 of the Dungeon.
You visited 1 branch of the dungeon, and saw 8 of its levels.

You collected 167 gold pieces.

Inventory:

Hand Weapons
 a - a +0 rapier (weapon)
 K - a +0 dagger of venom
Armour
 b - a +0 leather armour (worn)
 H - a +0 pair of gloves
 L - a +0 pair of boots
 Q - a +0 buckler (worn)
 Z - a +0 cloak (worn)
Jewellery
 I - an amulet of reflection
 Y - a ring of fire
Wands
 g - a wand of digging (2) {@v1}
Scrolls
 c - 2 scrolls of fog
 P - a scroll of amnesia
 T - a scroll of teleportation
 U - a scroll of vulnerability {unknown}
 V - a scroll of enchant armour {unknown}
 W - 4 scrolls of identify {unknown}
 X - a scroll of enchant weapon {unknown}
Potions
 f - a potion of haste {@q3,}
 N - a potion of curing {@q1}


   Skills:
 - Level 3.0 Fighting
 * Level 5.0 Short Blades
 - Level 1.7 Dodging
 - Level 5.0 Stealth
 + Level 2.0 Shields
 - Level 2.0 Spellcasting
 - Level 2.0 Necromancy


You had 8 spell levels left.
You knew the following spells:

 Your Spells              Type           Power      Damage    Failure   Level
a - Pain                  Necr           24%        1d5       19%         1

Your spell library contained the following spells:

 Spells                   Type           Power      Damage    Failure   Level
 Apportation              Tloc           2%         N/A       41%         1
 Summon Small Mammal      Summ           4%         N/A       41%         1
 Corpse Rot               Necr/Air       6%         N/A       41%         2
 Call Canine Familiar     Summ           1%         N/A       78%         3
 Summon Guardian Golem    Hex/Summ       1%         N/A       78%         3
 Dispel Undead            Necr           6%         3d8       88%         4
 Hailstorm                Conj/Ice       1%         3d3       99%         4
 Ice Form                 Ice/Tmut       1%         N/A       99%         4
 Agony                    Necr           6%         N/A       99%         5
 Excruciating Wounds      Necr           3%         N/A       99%         5
 Alistair's Intoxication  Tmut/Pois      0%         N/A       100%        5
 Death Channel            Necr           3%         N/A       100%        6
 Simulacrum               Ice/Necr       1%         N/A       100%        6
 Orb of Destruction       Conj           0%         N/A       100%        7
 Spellforged Servitor     Conj/Summ      0%         N/A       100%        7


Dungeon Overview and Level Annotations

Branches:
Dungeon (8/15)               Lair (0/6) D:8
 Temple: D:4-7

Altars:
Gozag
Ru
Trog
Vehumet

Shops:
D:5 :*

Annotations:
D:3 exclusions: ball python and orc wizard, Natasha
D:7 Maggie


Innate Abilities, Weirdness & Mutations

You are partially covered in large bone plates. (SH +4)
A weak demonic guardian rushes to your aid.
Spells you cast may paralyse adjacent enemies.
You have a small tail.


Message History

Your quasit closely misses Maggie. x3
Maggie mumbles some strange words.
Your quasit closely misses Maggie.
Your quasit claws Maggie but does no damage. x2
You barely miss Maggie.
Maggie is lightly wounded.
Your quasit bites Maggie but does no damage.
Your quasit claws Maggie but does no damage.
Your quasit barely misses Maggie.
Your quasit bites Maggie but does no damage.
Your quasit closely misses Maggie. x2
MP restored: 9 This is a scroll of acquirement!
You see here a manual of Dodging.
Something appears at your feet!
Unknown command.
You pick up a manual of Dodging and begin studying.
Your quasit bites Maggie but does no damage.
Your quasit barely misses Maggie.
Your quasit closely misses Maggie.
As you read the scroll labelled PAIREPS COMMO, it crumbles to dust.
It is a scroll of amnesia.
Really abort (and waste the scroll)? [Y]es or [N]o only, please.
Really abort (and waste the scroll)? [Y]es or [N]o only, please.
Really abort (and waste the scroll)?
Okay, then.
Maggie barely misses your quasit.
Your quasit bites Maggie.
Your quasit misses Maggie.
Your quasit barely misses Maggie.
As you read the scroll labelled OHUVEJA IBAUHO, it crumbles to dust.
You feel strangely unstable.
It was a scroll of teleportation.
Your quasit closely misses Maggie.
Your quasit claws Maggie but does no damage. x2
Maggie barely misses your quasit.
Your quasit bites Maggie.
Your quasit claws Maggie but does no damage. x2
Maggie gestures wildly while chanting.
Your quasit barely misses Maggie.
Your quasit misses Maggie.
Your quasit barely misses Maggie.
You flicker for a moment.
Your quasit bites Maggie but does no damage.
Your quasit completely misses Maggie.
Your quasit barely misses Maggie.
Maggie misses your quasit.
Your surroundings suddenly seem different.
Your quasit disappears in a puff of smoke!
A jelly comes into view.
The jelly quivers.
You flicker back into view.
Found a scroll labelled UBRIAGGOUH.
As you read the scroll of magic mapping, it crumbles to dust.
You feel aware of your surroundings.
You sensed 3 altars.
Found a giant spiked club.
Found an opulent altar of Gozag.
Found a sacrificial altar of Ru and a bloodstained altar of Trog.
Found 14 gold pieces.
Found 27 arrows.
Found a stone staircase leading down.
Found a battleaxe and a mace.
You are starting to lose your buoyancy.
An orc comes into view. It is wielding a +0 falchion.
There is a stone staircase leading down here.
A howler monkey comes into view.
The howler monkey howls!
You hear a howl!
A howler monkey comes into view. 2 orcs come into view.
The jelly hits you but does no damage.
An orc priest comes into view. It is wielding a +0 club.
You float gracefully downwards.
The orc shouts! x2
Found a scroll of teleportation.
Found a scroll of fog.
Found 18 gold pieces.
Found a stone staircase leading up.
The howler monkey hoots and howls with incredible vigour!
The jelly misses you.
The orc priest calls down the wrath of Beogh upon you.
Beogh smites you!
* * * LOW HITPOINT WARNING * * *
A demonic guardian appears!
You take 15 damage, and have 3/47 hp.
MASSIVE DAMAGE!!
Your white imp hits the jelly.
Your white imp freezes the jelly.
Your white imp is burned by acid!
You block the jelly's attack.
Your white imp hits the jelly.
Your white imp freezes the jelly.
The acid corrodes your white imp!
Your white imp is burned by acid!
The howler monkey closely misses your white imp.
There is a stone staircase leading up here.
The orc priest miscasts a cantrip.
Your white imp closely misses the orc.
The howler monkey hoots and howls with incredible vigour!
The jelly hits you but does no damage.
The howler monkey hoots and howls with incredible vigour!
You hear a shout!
You climb upwards.
Found a scroll labelled JITRUPUCOS.
Found a radiant altar of Vehumet.
There is a stone staircase leading down here.
You fade into invisibility!
The jelly hits you.
* * * LOW HITPOINT WARNING * * *
A demonic guardian appears!
The acid corrodes you!
You are splashed with acid!
You die...

..
..██████████████
................
........>.......
..............█.
...?..........█
.....5........█
███....J⌂███▲██
.8█....@.█
.P█......▲
███......█
.≈█.......
.≈█........
.≈█.........
.≈█..........
.≈█...........


You could see a jelly (ally target) and a friendly white imp (summoned).

Vanquished Creatures
  A black bear (D:7)
  A sky beast (D:4)
  A howler monkey (D:4)
  3 hounds (D:4)
  7 adders
  An adder skeleton (D:4)
  8 bats
  7 endoplasms
  A giant cockroach (D:3)
  9 goblins
  8 hobgoblins
  2 jackals (D:4)
  4 quokkas
  5 ball pythons
  6 frilled lizards
  4 kobolds
  6 rats
74 creatures vanquished.

Vanquished Creatures (collateral kills)
  2 ball pythons (D:1)
  A hobgoblin (D:1)
  A rat (D:1)
4 creatures vanquished.

Grand Total: 78 creatures vanquished

Notes
Turn   | Place    | Note
-------+----------+-------------------------------------------
     0 | D:5      | Goblin1989 the Demonspawn Delver began the quest for the
                  | Orb.
     0 | D:5      | Reached XP level 1. HP: 18/18 MP: 1/1
    32 | D:5      | Found Lyosaosi's Book Shoppe.
   155 | D:5      | Noticed a hound
   169 | D:5      | Found Tyitraur's General Store.
   314 | D:4      | Gained mutation: You have a small tail. [demonic ancestry]
   314 | D:4      | Reached XP level 2. HP: 15/24 MP: 2/2
   536 | D:4      | Gained mutation: A weak demonic guardian rushes to your
                  | aid. [demonic ancestry]
   536 | D:4      | Reached XP level 3. HP: 10/29 MP: 3/3
   836 | D:3      | Noticed Natasha
   851 | D:3      | Reached skill level 5 in Stealth
   975 | D:3      | Gained mutation: Spells you cast may paralyse adjacent
                  | enemies. [demonic ancestry]
   975 | D:3      | Reached XP level 4. HP: 26/35 MP: 4/4
  1101 | D:3      | Learned a level 1 spell: Pain
  1727 | D:1      | Found a faded altar of an unknown god.
  2545 | D:2      | Reached skill level 1 in Necromancy
  2627 | D:2      | Reached XP level 5. HP: 41/41 MP: 6/6
  2641 | D:2      | Reached skill level 1 in Spellcasting
  3453 | D:4      | Reached skill level 1 in Shields
  3620 | D:4      | Noticed a sky beast
  3666 | D:4      | Killed a sky beast
  3667 | D:4      | Gained mutation: You are partially covered in large bone
                  | plates. (SH +4) [demonic ancestry]
  3667 | D:4      | Reached XP level 6. HP: 40/47 MP: 6/8
  4067 | D:5      | You fall into a shaft and drop 3 floors!
  4106 | D:7      | Noticed Maggie
  4127 | D:7      | Reached skill level 5 in Short Blades
  4136 | D:7      | Identified a scroll of acquirement
  4136 | D:7      | Acquired a manual of Dodging
  4162 | D:7      | Found an opulent altar of Gozag.
  4163 | D:7      | Found a sacrificial altar of Ru.
  4163 | D:7      | Found a bloodstained altar of Trog.
  4198 | D:6      | Found a radiant altar of Vehumet.
  4204 | D:6      | Splashed by a jelly's acid

Illustrated notes

Levels and vault maps discovered:
D:1:      lightli_arrival_isolated_outpost, layout_basic,
          shapermc_ecumenical_altar_totnotflames, minmay_statues_item,
          minmay_tromino_i4
D:2:      layout_basic, minmay_misc_feat_cross, minmay_quadrilaterals
D:3:      layout_loops_corners, minmay_fractal_squares_5, uniq_natasha
D:4:      layout_basic
D:5:      layout_loops_ring, nicolae_overflow_hidden_temple, serial_shops,
          nicolae_shop_window_shopping, shop, grunt_ministairs_12
D:6:      gammafunk_steamed_eel, layout_gridville, overflow_temple_1_default,
          temple_statues, uniq_prince_ribbit1
D:7:      layout_rooms, chequers_temple_overflow_statue_of_worship, uniq_maggie,
          uniq_menkaure
D:8:      layout_layer_cave, mainiacjoe_overflow_alcove_4, lemuel_round_altar,
          dpeg_oklobed_lair

Skill      XL: |  1  2  3  4  5  6 |
---------------+-------------------+-----
Short Blades   | 2 3 4 5 |  5.0
Stealth        | 5 |  5.0
Necromancy     | 1 2 |  2.0
Spellcasting   | 1 2 |  2.0
Shields        | 1 2 |  2.0
Fighting       | |  3.0
Dodging        | |  1.7

Action                   |  1- 3 |  4- 6 || total
-------------------------+-------+-------++-------
Melee: Short sword       |    65 |    55 ||   120
       Tailslap          |     2 |    14 ||    16
       Rapier            |       |   105 ||   105
 Cast: Pain              |       |     4 ||     4
Evoke: Wand              |       |     1 ||     1
  Use: Scroll            |     1 |     5 ||     6
       Potion            |     1 |     5 ||     6
 Stab: Sleeping          |       |    16 ||    16
Armor: Leather armour    |    11 |    52 ||    63
Dodge: Dodged            |    35 |    96 ||   131
Block: Buckler           |       |    43 ||    43

Table legend: (Time is in decaauts)
 A = Elapsed time spent in this place.
 B = Non-inter-level travel time spent in this place.
 C = Inter-level travel time spent in this place.
 D = Time resting spent in this place.
 E = Time spent auto-exploring this place.
 F = Levels seen in this place.
 G = Mean time per level.
                   A        B        C        D        E       F      G
               +--------+--------+--------+--------+--------+-----+--------+
         Total |   4219 |   4112 |    107 |   1003 |   1860 |   8 |  527.4 |
       Dungeon |   4219 |   4112 |    107 |   1003 |   1860 |   8 |  527.4 |
               +--------+--------+--------+--------+--------+-----+--------+

Top non-repeatable levels by time:
     D:4: 1268 daAuts
     D:1: 952 daAuts
     D:2: 876 daAuts
     D:3: 771 daAuts
     D:5: 213 daAuts
     D:7: 91 daAuts
     D:8: 38 daAuts
     D:6: 5 daAuts
